Map: Waterfall

Players

A.I. 1 (Very Easy)

  • Race: Zerg Zerg
  • Spawn Location: 1:00

Kryptic

  • Race: Protoss Protoss
  • Spawn Location: 7:00

VOD

Have the link to the VOD?

Description

Time

  • Played on: Nov. 26, 2022, 7:28 a.m.
  • Length: 12:25
Show
View Real Time Build Order
Export as new Build Order

A.I. 1 (Very Easy) Zerg 

Build Orders: Hatch First 

Get SALT Encoding   

    2:59  Overlord  
    3:05  Drone x12  
    3:17  Unknown  
    3:18  Drone  
  13  3:25  Drone  
  14  3:34  Overlord  
  14  3:52  Drone  
  14  3:53  Drone x2  
  17  4:04  Drone  
  18  4:21  Hatchery  
  17  4:34  Spawning Pool  
  17  4:36  Extractor  
  15  4:41  Overlord  
  15  5:22  Queen, Zergling x2  
  15  5:25  Roach Warren  
  15  5:27  Extractor  
  15  5:28  Drone  
  17  5:43  Drone, Zergling x2  
  19  5:50  Drone  
  20  5:57  Drone  
  20  6:03  Zergling x2  
  22  6:04  Drone  
  21  6:42  Hatchery  
  20  7:16  Hatchery  
  20  7:18  Drone  
  20  7:25  Drone  
  20  7:32  Drone  
  21  7:40  Drone  
  21  7:41  Zergling x2  
  23  7:53  Drone  
  24  8:00  Drone  
  25  8:06  Zergling x2  
  25  8:07  Drone  
  27  8:14  Drone  
  28  8:21  Drone  
  29  8:28  Drone  
  29  8:30  Zergling x2  
  31  8:35  Drone  
  32  10:48  Hatchery  
  31  11:09  Pneumatized Carapace  
  31  11:15  Zergling x2  
  28  11:45  Zergling x2  
  29  11:48  Overlord  
  28  12:01  Drone  
  26  12:09  Drone  
Show
View Real Time Build Order
Export as new Build Order

Kryptic Protoss 

Build Orders:  

Get SALT Encoding   

    3:05  Probe x12  
    3:17  Unknown  
    3:18  Probe  
  13  3:30  Probe  
  14  3:41  Pylon  
  14  3:42  Probe  
  15  3:59  Probe  
  15  4:01  Gateway  
  16  4:11  Probe  
  17  4:21  Assimilator  
  17  4:23  Probe  
  18  4:29  Gateway  
  18  4:35  Probe  
  19  4:47  Probe  
  20  4:55  Cybernetics Core  
  21  5:00  Probe  
  21  5:05  Pylon  
  21  5:12  Assimilator, Probe (Chrono Boost)  
  22  5:24  Probe (Chrono Boost)  
  23  5:29  Probe (Chrono Boost)  
  23  5:32  Adept x2 (Chrono Boost)  
  23  5:33  Warp Gate  
  28  5:38  Probe  
  29  5:50  Probe  
  30  5:58  Pylon  
  30  6:02  Probe  
  31  6:10  Nexus  
  31  6:16  Probe  
  32  6:31  Forge  
  32  6:35  Probe  
  33  6:43  Twilight Council  
  33  6:46  Robotics Facility  
  33  6:48  Probe  
  34  7:00  Probe  
  35  7:04  Protoss Ground Weapons Level 1  
  35  7:12  Probe  
  36  7:24  Gateway  
  36  7:28  Gateway  
  36  7:32  Probe, Gateway  
  36  7:33  Probe, Gateway  
  36  7:35  Assimilator  
  36  7:39  Zealot  
  39  7:44  Probe  
  39  7:45  Probe  
  39  7:50  Charge  
  38  7:52  Observer  
  38  7:56  Probe  
  40  8:04  Probe  
  41  8:14  Assimilator  
  41  8:16  Immortal (Chrono Boost)  
  41  8:17  Pylon  
  45  8:24  Probe  
  45  8:26  Probe  
  47  8:37  Probe  
  47  8:38  Probe  
  49  8:48  Immortal (Chrono Boost)  
  53  8:49  Probe  
  53  8:51  Probe  
  55  8:56  Pylon  
  55  8:58  Pylon  
  55  9:01  Probe  
  56  9:07  Probe  
  57  9:13  Probe  
  58  9:20  Probe  
  58  9:23  Zealot, Warp Prism (Chrono Boost)  
  63  9:24  Zealot x2  
  67  9:46  Pylon  
  67  9:48  Gateway  
  67  9:50  Gateway  
  67  9:53  Gateway  
  67  9:56  Gateway  
  67  9:58  Gateway  
  67  9:59  Gateway  
  67  10:02  Gateway  
  67  10:08  Templar Archives  
  67  10:35  Zealot x2  
  71  10:36  Zealot  
  73  10:44  Psionic Storm  
  73  10:57  High Templar  
  73  10:58  High Templar x4  
  73  10:59  High Templar  
  85  11:06  Pylon  
  85  11:07  Pylon  
  85  11:10  Pylon  
  85  11:12  Archon x3  
  85  11:16  Pylon  
  85  11:19  Pylon  
  85  11:24  Zealot  
  87  11:30  Zealot x3  
  87  11:32  Zealot  
  95  11:33  Zealot x3  
  95  11:34  Zealot  
  95  11:35  Zealot  
  105  12:04  Zealot x4  
  105  12:05  Zealot x5  
  105  12:06  Zealot  
  125  12:14  Pylon x2  
  125  12:17  Pylon  
Tags
 
Matchup
PvZ
Spawn Locations
Cross Positions
Add a new tag
Caveats
  • Supply blocks, unpowered buildings, or Contaminate may cause inaccurate times.
  • Supply counts are checked every 10 seconds.